 Dungeon Crawl Stone Soup version 0.30.1-4-g462c640d31 (webtiles) character file.

Game seed: 8014916015355566720

21 booth the Trooper (level 2, -1/20 (24) HPs)
             Began as a Demonspawn Fighter on Aug 25, 2023.
             Killed from afar by Terence (3 damage)
             ... with a puff of flame
             ... on level 2 of the Dungeon.
             The game lasted 00:04:27 (516 turns).

booth the Trooper (Demonspawn Fighter)               Turns: 516, Time: 00:04:28

HP:   -1/20 (24)    AC:  6    Str: 16    XL:     2   Next: 62%
MP:   2/2           EV:  8    Int:  9    God:
Gold: 31            SH:  5    Dex: 12    Spells: 1/1 levels left

rFire   . . .        a - +0 war axe
rCold   . . .        c - +1 buckler
rNeg    . . .        b - +0 scale mail
rPois   .            (no helmet)
rElec   .            (no cloak)
rCorr   .            (no gloves)
SInv    .            (no boots)
Will    .....        (no amulet) Stlth
                     (no ring)
HPRegen 0.23/turn    (no ring)
MPRegen 0.08/turn

%: no passive effects
@: mighty, about to teleport, heavily drained
A: spiny 1
a: no special abilities


You were on level 2 of the Dungeon.
You visited 1 branch of the dungeon, and saw 2 of its levels.

You collected 31 gold pieces.

Inventory:

Hand Weapons
 a - a +0 war axe (weapon)
 j - a +0 morningstar
Armour
 b - a +0 scale mail (worn)
 c - a +1 buckler (worn)


   Skills:
 + Level 3.2 Fighting
 + Level 2.1 Axes
 + Level 2.9 Armour
 + Level 2.9 Shields


You had one spell level left.
You didn't know any spells.
Your spell library contained the following spells:

 Spells                   Type           Power      Damage    Failure   Level
 Freeze                   Ice            0%         1d3       88%         1
 Lesser Beckoning         Tloc           0%         N/A       96%         2
 Frozen Ramparts          Ice            0%         1d1       99%         3
 Gell's Gravitas          Tloc           0%         N/A       99%         3
 Hailstorm                Conj/Ice       0%         3d3       99%         3
 Teleport Other           Tloc           0%         N/A       99%         3


Dungeon Overview and Level Annotations

Branches:
Dungeon (2/15)

Altars:

Annotations:
D:2 Terence


Innate Abilities, Weirdness & Mutations

You are partially covered in sharp spines.


Message History

The goblin unwields a +0 sling.
The goblin wields a +0 dagger.
The goblin is struck by your spines.
You kill the goblin!
You see here a +0 club.
You hit the hobgoblin but do no damage.
The hobgoblin is lightly wounded.
You block the hobgoblin's attack.
You slash the hobgoblin!
You kill the hobgoblin!
You slash the goblin!
You kill the goblin!
Terence the Incautious comes into view.
He is wielding the +7 Throatcutter {drain, coup de grace} and carrying a wand of flame (19).
You see here a +0 club.
Okay, then.
Items here: ( ))).
You feel very mighty all of a sudden.
Items here: ))) †.
Terence zaps a wand.
The puff of flame misses you. Terence is struck by your spines.
Terence hits you with the +7 Throatcutter {drain, coup de grace}.
You feel drained.
You hit Terence.
Terence is moderately wounded.
You block Terence's attack.
Terence zaps a wand.
The puff of flame hits you!
Ouch! That really hurt!
* * * LOW HITPOINT WARNING * * *
You aren't carrying any potions.
You hit Terence but do no damage.
Terence is moderately wounded.
Terence hits you with the +7 Throatcutter {drain, coup de grace}.
* * * LOW HITPOINT WARNING * * *
You feel drained.
You barely miss Terence.
Terence is moderately wounded.
You block Terence's attack.
Terence zaps a wand.
The puff of flame hits you.
* * * LOW HITPOINT WARNING * * *
Okay, then.
As you read the scroll of teleportation, it crumbles to dust.
You feel strangely unstable.
Terence zaps a wand.
The puff of flame hits you.
You die...

#######
.....
#..#
#..####.#
#))@@...#
#)#######
#.#....#
#.#.##.#
#.#.<#.#
#.####.#
#......#
########


You could see Terence.

Vanquished Creatures
  2 bats (D:1)
  2 endoplasms (D:1)
  6 goblins (D:2)
  2 hobgoblins
  A ball python (D:1)
  A frilled lizard (D:1)
  3 kobolds (D:1)
  2 rats (D:1)
19 creatures vanquished.

Notes
Turn   | Place    | Note
-------+----------+-------------------------------------------
     0 | D:1      | booth the Demonspawn Fighter began the quest for the Orb.
     0 | D:1      | Reached XP level 1. HP: 18/18 MP: 1/1
   344 | D:1      | Gained mutation: You are partially covered in sharp spines.
                  | [demonic ancestry]
   344 | D:1      | Reached XP level 2. HP: 24/24 MP: 2/2
   507 | D:2      | Noticed Terence
   516 | D:2      | Killed from afar by Terence

Illustrated notes

Levels and vault maps discovered:
D:1:      dpeg_arrival_windows_large_door, layout_basic
D:2:      layout_basic, serial_corexii_hall, corexii_hall_statues_u,
          chequers_hall_statues_wall_a, moated_statue, minmay_lizard_king,
          uniq_terence, uniq_robin

Skill      XL: |  1 |
---------------+----+-----
Axes           | 2 |  2.1
Fighting       | |  3.2
Armour         | |  2.9
Shields        | |  2.9

Action                     || total
---------------------------++-------
  Melee: War axe           ||    48
    Use: Scroll            ||     5
         Potion            ||     2
 Armour: Scale mail        ||    23
  Dodge: Dodged            ||    16
  Block: Buckler           ||    12
